 Dungeon Crawl Stone Soup version 0.29-a0-962-gc8bbfd0a37 (webtiles) character file.

Game seed: 1241553892873336939

152691 quixfox the Earth Mage (level 17, -1/112 HPs)
             Began as a Gargoyle Earth Elementalist on July 30, 2022.
             Was a High Priest of Vehumet.
             Slain by a death scarab (6 damage)
             ... on level 3 of the Spider Nest on July 31, 2022.
             The game lasted 04:04:38 (36292 turns).

quixfox the Earth Mage (GrEE)                      Turns: 36292, Time: 04:04:38

Health: -1/112     AC: 33    Str: 11    XL:     17   Next: 58%
Magic:  0/32       EV: 14    Int: 34    God:    Vehumet [*****.]
Gold:   2310       SH:  5    Dex:  8    Spells: 6/38 levels left

rFire   . . .      SeeInvis +   a - staff of conjuration
rCold   . . .      Faith    .   P - +0 buckler
rNeg    + + +      Spirit   .   E - +4 ring mail {rN+}
rPois   ∞          Reflect  .   w - +0 helmet {Int+3}
rElec   +          Harm     .   l - +2 cloak
rCorr   +          Rampage  .   f - +1 pair of gloves
Will    +++++      Clarity  +   m - +2 pair of boots {Fly}
Stlth   +.........              G - amulet of the Four Winds {rN+ Will+++ Clar}
HPRegen 0.28/turn               j - ring of the Tempest {EV+4 Int+6}
MPRegen 0.23/turn               r - ring "Qiusamp" {Will+ rCorr Dex-2 SInv}

@: flying, slowed, very slow
A: sickness immunity, AC +12, big wings, negative energy resistance 1,
electricity resistance, torment resistance 1, petrification resistance
a: Renounce Religion


You were on level 3 of the Spider Nest.
You worshipped Vehumet.
Vehumet was extremely pleased with you.
You visited 5 branches of the dungeon, and saw 26 of its levels.
You also visited: Sewer, Bailey, Gauntlet and Volcano.

You collected 3335 gold pieces.
You spent 1025 gold pieces at shops.

Inventory:

Missiles
 B - a throwing net
Armour
 e - a +0 pair of boots of stealth
 f - a +1 pair of gloves (worn)
 l - a +2 cloak (worn)
 m - a +2 pair of boots of flying (worn)
 s - a +2 helmet
 w - a +0 helmet of intelligence (worn)
 E - a +4 ring mail of positive energy (worn)
 P - a +0 buckler (worn)
Magical Staves
 a - a staff of conjuration (weapon)
 b - a staff of earth
Jewellery
 j - the ring of the Tempest (left hand) {EV+4 Int+6}
   (You acquired it in a bailey)

   [ring of evasion]

   EV:        It affects your evasion (+4).
   Int:       It affects your intelligence (+6).
 r - the ring "Qiusamp" (right hand) {Will+ rCorr Dex-2 SInv}
   (You found it on level 13 of the Dungeon)

   [ring of resist corrosion]

   Dex:       It affects your dexterity (-2).
   SInv:      It lets you see invisible.
   rCorr:     It protects you from acid and corrosion.
   Will:      It increases your willpower.
 t - an amulet of magic regeneration
 G - the amulet of the Four Winds (around neck) {rN+ Will+++ Clar}
   (You found it in a Gauntlet)

   [amulet of nothing]

   rN:        It protects you from negative energy.
   Clar:      It protects you against confusion.
   Will:      It greatly increases your willpower.
 Q - the ring "Lucvyl" {rF+ rC+++ Str+6 Int+2 Dex-2}
   (You found it on level 10 of the Dungeon)

   [ring of strength]

   Str:       It affects your strength (+6).
   Int:       It affects your intelligence (+2).
   Dex:       It affects your dexterity (-2).
   rF:        It protects you from fire.
   rC:        It renders you almost immune to cold.
Wands
 k - a wand of roots (6)
 o - a wand of flame (14)
 A - a wand of acid (10)
 J - a wand of paralysis (13)
 L - a wand of mindburst (2)
Scrolls
 h - 6 scrolls of teleportation
 u - 5 scrolls of amnesia
 v - 2 scrolls of butterflies
 x - 3 scrolls of fear
 y - a scroll of summoning
 z - 11 scrolls of identify
 C - 4 scrolls of poison
 F - a scroll of brand weapon
 R - a scroll of enchant weapon
 U - a scroll of silence
Potions
 c - 4 potions of lignification
 d - 7 potions of curing
 g - 2 potions of brilliance
 i - 4 potions of mutation
 n - 2 potions of invisibility
 p - a potion of resistance
 D - a potion of magic
 H - 4 potions of haste
 K - 10 potions of might
 S - 2 potions of cancellation
Miscellaneous
 N - a condenser vane
 W - a tin of tremorstones (2/2)


   Skills:
 + Level 14.5 Fighting
 + Level 10.9 Staves
 - Level 7.9 Armour
 - Level 4.3 Dodging
 - Level 2.1 Stealth
 - Level 6.1 Shields
 + Level 11.1 Spellcasting
 + Level 9.9 Conjurations
 - Level 2.9 Translocations
 - Level 0.7 Transmutations
 - Level 9.0 Fire Magic
 + Level 16.8 Earth Magic
 - Level 9.8 Evocations


You had 6 spell levels left.
You knew the following spells:

 Your Spells              Type           Power      Damage    Failure   Level
a - Sandblast             Erth           100%       2d20      0%          1
b - Passwall              Tmut/Erth      56%        N/A       1%          2
c - Stone Arrow           Conj/Erth      100%       3d13      1%          3
d - Lehudib's Crystal Sp  Conj/Erth      52%        10d12     38%         8
e - Fireball              Conj/Fire      45%        3d18      1%          5
f - Blink                 Tloc           76%        N/A       3%          2
g - Lee's Rapid Deconstr  Erth           46%        3d23*     1%          5
h - Iron Shot             Conj/Erth      52%        9d10      1%          6

Your spell library contained the following spells:

 Spells                   Type           Power      Damage    Failure   Level
 Spellforged Servitor     Conj/Summ      34%        N/A       83%         7
 Foxfire                  Conj/Fire      100%       2x1d9     1%          1
 Shock                    Conj/Air       100%       1d9       1%          1
 Static Discharge         Conj/Air       68%        3-12/arc  1%          2
 Conjure Flame            Conj/Fire      90%        6-21      1%          3
 Ignite Poison            Fire/Tmut/Pois 41%        N/A       1%          3
 Inner Flame              Hex/Fire       49%        N/A       1%          3
 Animate Armour           Summ/Erth      100%       N/A       1%          4
 Flame Wave               Conj/Fire      90%        2d19      1%          4
 Petrify                  Tmut/Erth      68%        N/A       1%          4
 Sticky Flame             Conj/Fire      90%        2d10      1%          4
 Iskenderun's Battlesphe  Conj           92%        2d14      1%          5
 Poisonous Vapours        Pois/Air       36%        N/A       2%          2
 Hailstorm                Conj/Ice       68%        3d14      2%          4
 Irradiate                Conj/Tmut      35%        3d23      5%          5
 Summon Small Mammal      Summ           72%        N/A       6%          1
 Wereblood                Tmut           23%        N/A       7%          2
 Airstrike                Air            9%         0-4+      17%         4
 Call Canine Familiar     Summ           18%        N/A       19%         3
 Confusing Touch          Hex            18%        N/A       19%         3
 Summon Guardian Golem    Hex/Summ       18%        N/A       19%         3
 Swiftness                Air            18%        N/A       19%         3
 Conjure Ball Lightning   Conj/Air       34%        3x3d11    30%         6
 Yara's Violent Unravell  Hex/Tmut       10%        3d6       36%         5
 Manifold Assault         Tloc           38%        N/A       47%         5
 Ice Form                 Ice/Tmut       21%        N/A       50%         4
 Anguish                  Hex/Necr       9%         N/A       54%         4
 Corpse Rot               Necr/Pois/Air  18%        N/A       54%         4
 Dispel Undead            Necr           18%        3d11      54%         4
 Summon Lightning Spire   Summ/Air       18%        N/A       54%         4
 Death Channel            Necr           9%         N/A       100%        6
 Simulacrum               Ice/Necr       9%         N/A       100%        6
 Orb of Destruction       Conj           46%        9d12      22%         7
 Enfeeble                 Hex            9%         N/A       100%        7
 Storm Form               Tmut/Air       10%        N/A       100%        7
 Summon Hydra             Summ           9%         N/A       100%        7
 Discord                  Hex            9%         N/A       100%        8
 Disjunction              Tloc           19%        N/A       100%        8
 Sublimation of Blood     Necr           Unusable   N/A       N/A         2
 Statue Form              Tmut/Erth      Unusable   N/A       N/A         6

Dungeon Overview and Level Annotations

Branches:
Dungeon (15/15)            Temple (1/1) D:4            Lair (5/5) D:10
  Swamp (0/4) Lair:2       Spider (3/4) Lair:2        Slime (0/5) Lair:4
    Orc (2/2) D:9             Elf (0/3) Orc:2        Vaults (0/5) D:14
 Depths (0/4) D:15          Sewer (visited)          Bailey (visited)
Volcano (visited)         Gauntlet (visited)

Altars:
Ashenzari
Cheibriados
Dithmenos
Elyvilon
Fedhas
Gozag
Hepliaklqana
Kikubaaqudgha
Makhleb
Nemelex Xobeh
Okawaru
Qazlal
Ru
Sif Muna
Trog
Uskayaw
Vehumet
Wu Jian
Xom
Yredelemnul
Zin
The Shining One
Jiyva
Lugonu

Shops:
D:1 =(*[   D:2 [   D:13 =   D:15 =   Orc:2 [*(((:

Portals:
Abyss: Lair:5
Trove: D:11 (give 7 potions of haste)

Annotations:
D:15 2 transporters
Spider:3 2 transporters, exclusion: orange crystal statue


Innate Abilities, Weirdness & Mutations

You are immune to sickness and miasma.
Your stone body is resilient. (AC +12)
You are immune to poison.
Your large and strong wings let you fly.
You resist negative energy. (rN+)
You are resistant to electric shocks. (rElec)
You are resistant to unholy torment.
You are immune to petrification.


Message History

Aim: a jumping spider (moderately wounded, 82% to hit)
The blast of sand hits the tarantella!
The tarantella is almost dead.
Your surroundings suddenly seem different.
The spark wasp buzzes angrily.
The death scarab's many legs skitter faintly.
The wolf spider's many legs skitter.
You hear a chilling moan.
The death scarab bites you but does no damage.
The death scarab bites you!
* * * LOW HITPOINT WARNING * * *
The death scarab drains your vigour!
You feel yourself slow down.
The wolf spider hits you but does no damage.
The wolf spider closely misses you.
The orb spider begins to weave its threads into a brightly glowing ball.
You block the wolf spider's attack. The wolf spider closely misses you.
The ghost moth stares at you. The wolf spider hits you!
* * * LOW HITPOINT WARNING * * *
The wolf spider bites you but does no damage.
The orb spider weaves a glowing orb of energy.
The wavering orb of destruction weakly hits you.
* * * LOW HITPOINT WARNING * * *
Okay, then.
Blink to where?
Press: ? - help, Dir - move target
As you read the scroll of blinking, it crumbles to dust.
The death scarab bites you but does no damage.
The ghost moth stares at you.
You feel your power leaking away. The ghost moth stares at you.
The death scarab bites you but does no damage.
Okay, then.
As you read the scroll of fear, it crumbles to dust.
You assume a fearsome visage.
The death scarab is unaffected.
The emperor scorpion looks frightened!
The ghost moth looks frightened! x2
The spark wasp looks frightened!
The radroach looks frightened!
The death scarab is unaffected.
The steelbarb worm looks frightened!
The orb spider looks frightened!
The wolf spider looks frightened!
The death scarab bites you.
You die...

###.###...##
###......#
##....###
##.$.....#
#####...#....#
##.....©.....##
#..#########..#
#.##8..B..8##.#
#.#.@By.....#.#
#.#.##sws##.#.#
#.#.##.y.##.#.#
#.#.Bw.8Bsy.#.#
#
#.#.##...##.#.#
#.
#.#.##H.B##.#.#
##
#.#..$[$=$..#.#
#.##8$[©[$8##.#
.#########..#


You could see an emperor scorpion (fleeing), a radroach (fleeing), 2 ghost
moths, a steelbarb worm (summoned, fleeing), a spark wasp (fleeing), a wolf
spider (summoned, fleeing), an orb spider (summoned, fleeing) and 2 death
scarabs.

Vanquished Creatures
  Arachne (Spider:2)
  Gastronok (D:10)
  Roxanne (D:15)
  Louise (D:15)
  A stone giant (Orc:2)
  3 broodmothers
  3 entropy weavers
  A minotaur (Gauntlet)
  Snorg (D:10)
  3 spark wasps
  3 ettins
  Josephine (Lair:4)
  A fire dragon (D:15)
  The ghost of gdog the Covert, a journeyman GnDe of Gozag (D:10)
  Erolcha (Orc:2)
  5 boulder beetles
  11 hydras
  An ice dragon (D:15)
  Erica (Orc:1)
  2 catoblepae
  8 vault guards (D:14)
  2 radroaches
  6 centaur warriors
  9 death yaks
  8 two-headed ogres
  A tengu warrior (D:13)
  3 thrashing horrors (Lair:5)
  A soul eater (Gauntlet)
  2 pharaoh ants (Spider:1)
  3 skeletal warriors (D:13)
  A fire crab (Lair:5)
  A hell knight (Volcano)
  A salamander mystic (Volcano)
  5 orb spiders
  3 steelbarb worms
  A lindwurm (Lair:4)
  2 deep elf pyromancers (D:13)
  3 orc knights
  9 wolf spiders
  16 ugly things
  An oklob plant (Gauntlet)
  3 orc sorcerers
  3 salamanders (Volcano)
  15 cyclopes
  2 manticores
  7 elephants
  2 moths of wrath
  3 black mambas
  A black mamba (shapeshifter) (D:15)
  Joseph (D:9)
  3 gargoyles
  3 smoke demons (Lair:5)
  5 torpor snails
  An efreet (D:14)
  8 demonic crawlers
  11 cane toads
  A freezing wraith (D:15)
  11 komodo dragons
  11 rime drakes
  An unseen horror (D:10)
  Psyche (D:12)
  An unseen horror (shapeshifter) (D:15)
  2 ancient zymes (Lair:5)
  9 meliai
  5 trolls
  2 hornets
  3 polar bears
  12 tarantellas
  26 blink frogs
  14 slime creatures
  18 dream sheep
  16 culicivoras
  26 jumping spiders
  A ynoxinul (Lair:5)
  A jumping spider (shapeshifter) (Lair:5)
  A shadow (D:10)
  30 yaks
  A spriggan (Lair:5)
  7 wyverns
  8 wraiths
  6 basilisks
  3 vampire mosquitoes (D:12)
  2 chaos spawn (Lair:5)
  33 redbacks
  9 steam dragons (Lair:3)
  3 wargs
  An acid dragon (Gauntlet)
  A large abomination (Lair:5)
  18 water moccasins
  2 black bears (D:6)
  29 orc warriors
  2 sky beasts
  3 ice beasts
  17 wolves
  3 ogres
  8 small abominations (Lair:5)
  A phantom (D:5)
  8 centaurs
  6 kobold brigands
  2 necrophages
  9 bullfrogs
  A gnoll sergeant (D:9)
  6 scorpions
  8 howler monkeys
  3 electric eels (Bailey)
  5 jellies
  3 hounds
  4 gnoll boudas
  16 orc priests
  Jessica (D:2)
  4 iguanas
  21 orc wizards
  23 gnolls
  7 adders
  2 river rats (Sewer)
  6 shadow imps
  2 white imps (D:6)
  4 ufetubi
  5 worms
  A dart slug (D:1)
  80 orcs
  9 ball pythons
  9 endoplasms
  4 giant cockroaches
  10 goblins
  16 hobgoblins
  7 jackals
  22 kobolds
  3 quokkas
  7 bats
  3 frilled lizards
  9 rats
872 creatures vanquished.

Vanquished Creatures (others)
  An orc (D:8)
  A bush (D:10)
  22 demonic plants (Gauntlet)
  47 fungi
  91 plants
162 creatures vanquished.

Grand Total: 1034 creatures vanquished

Notes
Turn   | Place    | Note
-------+----------+-------------------------------------------
     0 | D:1      | quixfox the Gargoyle Earth Elementalist began the quest for
                  | the Orb.
     0 | D:1      | Reached XP level 1. HP: 10/10 MP: 3/3
    94 | D:1      | Reached XP level 2. HP: 15/15 MP: 0/5
   173 | D:1      | Reached skill level 4 in Earth Magic
   193 | D:1      | Found a faded altar of an unknown god.
   485 | D:1      | Found Faner's Assorted Antiques.
   540 | D:1      | Found Ebbed's Antique Armour Boutique.
   629 | D:1      | Found Kaory's Antique Weapon Emporium.
   630 | D:1      | Found Miohe's Jewellery Boutique.
   708 | D:1      | Reached XP level 3. HP: 19/19 MP: 4/6
   711 | D:1      | Learned a level 2 spell: Passwall
   715 | D:1      | Learned a level 3 spell: Stone Arrow
  1191 | D:2      | Reached skill level 1 in Conjurations
  1191 | D:2      | Reached XP level 4. HP: 24/24 MP: 6/8
  1225 | D:2      | Found Wousuecs's Armour Emporium.
  1260 | D:2      | Found a white marble altar of Elyvilon.
  1486 | D:2      | Noticed Jessica
  1489 | D:2      | Killed Jessica
  1597 | D:2      | Reached skill level 5 in Earth Magic
  1810 | D:3      | Reached XP level 5. HP: 28/28 MP: 4/9
  2295 | D:4      | Identified a scroll of acquirement
  2295 | D:4      | Acquired 600 gold pieces
  2342 | D:1      | Bought a pair of embroidered boots for 150 gold pieces
  2342 | D:1      | Bought a glowing helmet for 150 gold pieces
  2373 | D:1      | Bought a scroll labelled ESKEFU XYOT for 25 gold pieces
  2373 | D:1      | Bought a long smoking staff for 300 gold pieces
  2373 | D:1      | Bought a scroll labelled EGUUHOKHE CEVY for 25 gold pieces
  2384 | D:1      | Bought an emerald potion for 22 gold pieces
  2384 | D:1      | Bought a scroll of identify for 50 gold pieces
  2719 | D:4      | Reached skill level 1 in Fire Magic
  3055 | D:4      | Reached XP level 6. HP: 32/32 MP: 6/11
  3163 | D:4      | Found a staircase to the Ecumenical Temple.
  3171 | Temple   | Entered the Ecumenical Temple
  3210 | Temple   | Became a worshipper of Vehumet
  3374 | D:4      | Found a hazy altar of Hepliaklqana.
  3861 | D:4      | Reached XP level 7. HP: 36/36 MP: 11/13
  3976 | D:4      | Reached skill level 6 in Earth Magic
  4104 | D:5      | Entered Level 5 of the Dungeon
  4471 | D:5      | Reached skill level 1 in Fighting
  4471 | D:5      | Reached skill level 1 in Armour
  4602 | D:5      | Reached skill level 1 in Staves
  4602 | D:5      | Reached skill level 1 in Evocations
  4605 | D:5      | Reached XP level 8. HP: 43/43 MP: 7/14
  4802 | D:5      | Noticed a two-headed ogre
  4948 | D:5      | Reached * piety under Vehumet
  4948 | D:5      | Offered knowledge of Magic Dart by Vehumet.
  5149 | D:6      | Found a glowing drain.
  5161 | Sewer    | Entered a sewer
  5649 | D:6      | Reached skill level 7 in Earth Magic
  5677 | D:6      | Reached ** piety under Vehumet
  5677 | D:6      | Offered knowledge of Static Discharge by Vehumet.
  5709 | D:6      | Reached XP level 9. HP: 36/49 MP: 9/16
  5837 | D:6      | Reached skill level 5 in Conjurations
  5938 | D:6      | Reached skill level 5 in Spellcasting
  6596 | D:5      | Killed a two-headed ogre
  6865 | D:6      | Offered knowledge of Dazzling Flash by Vehumet.
  7222 | D:7      | Found a flagged portal.
  7229 | Bailey   | Entered a bailey
  7367 | Bailey   | Reached *** piety under Vehumet
  7527 | Bailey   | Reached skill level 8 in Earth Magic
  7527 | Bailey   | Reached XP level 10. HP: 56/56 MP: 10/18
  7710 | Bailey   | Noticed an orc knight
  7847 | Bailey   | Learned a level 8 spell: Lehudib's Crystal Spear
  7856 | Bailey   | Killed an orc knight
  8116 | Bailey   | Acquired the ring of the Tempest {EV+4 Int+6}
  8293 | Bailey   | Identified the +7 arbalest of Callousness {vorpal, rF+
                  | Str+3 Int-3 Dex+8}
  8493 | Bailey   | Identified the +3 arbalest of the Modern Bounties {freeze,
                  | rF+ Will+ SInv}
  8520 | Bailey   | Found an iron altar of Okawaru.
  8529 | Bailey   | Offered knowledge of Hailstorm by Vehumet.
  8569 | Bailey   | Noticed an orc sorcerer
  8572 | Bailey   | Killed an orc sorcerer
  8573 | Bailey   | Reached skill level 5 in Fighting
  8573 | Bailey   | Reached skill level 5 in Armour
  9177 | D:8      | Reached **** piety under Vehumet
  9980 | D:8      | Offered knowledge of Conjure Flame by Vehumet.
 10024 | D:8      | Reached skill level 9 in Earth Magic
 10051 | D:9      | Noticed Joseph
 10210 | D:9      | Killed Joseph
 10211 | D:9      | Reached XP level 11. HP: 64/64 MP: 7/20
 10569 | D:9      | Found a staircase to the Orcish Mines.
 10703 | D:9      | Found a faded altar of an unknown god.
 10703 | D:9      | Found a sparkling altar of Nemelex Xobeh.
 10711 | D:9      | Found a glowing golden altar of the Shining One.
 10713 | D:9      | Found a faded altar of an unknown god.
 10715 | D:9      | Found an ornate altar of the Wu Jian Council.
 10952 | D:9      | Noticed a two-headed ogre
 10955 | D:9      | Killed a two-headed ogre
 10956 | D:9      | Reached skill level 5 in Evocations
 10956 | D:9      | Found a shadowy altar of Dithmenos.
 10956 | D:9      | Found an ancient bone altar of Kikubaaqudgha.
 11034 | D:10     | Entered Level 10 of the Dungeon
 11154 | D:10     | Reached ***** piety under Vehumet
 11283 | D:10     | Offered knowledge of Lightning Bolt by Vehumet.
 11337 | D:10     | Noticed Gastronok
 11428 | D:10     | Killed Gastronok
 11694 | D:10     | Found a staircase to the Lair.
 11804 | D:10     | Noticed a two-headed ogre
 11810 | D:10     | Killed a two-headed ogre
 11811 | D:10     | Reached skill level 10 in Earth Magic
 11836 | D:10     | Noticed Snorg
 11874 | D:10     | Killed Snorg
 12110 | D:10     | Reached XP level 12. HP: 72/72 MP: 17/23
 12247 | D:10     | Noticed gdog's ghost (journeyman GnDe)
 12249 | D:10     | Found a transporter.
 12249 | D:10     | Noticed a two-headed ogre
 12249 | D:10     | Identified the +3 great mace "Lypo Culae" {elec, rC+ SInv
                  | Stlth+}
 12249 | D:10     | Noticed a two-headed ogre
 12251 | D:10     | Noticed a two-headed ogre
 12251 | D:10     | Noticed a two-headed ogre
 12253 | D:10     | Found a transporter.
 12369 | Lair:1   | Entered Level 1 of the Lair of Beasts
 12417 | Lair:1   | Noticed a six-headed hydra
 12441 | Lair:1   | Killed a six-headed hydra
 12494 | Lair:1   | Learned a level 5 spell: Fireball
 12633 | Lair:1   | Reached skill level 5 in Fire Magic
 13270 | Lair:2   | Found a staircase to the Swamp.
 13478 | Lair:2   | Noticed a seven-headed hydra
 13881 | Lair:2   | Reached skill level 1 in Shields
 13959 | Lair:2   | Noticed an eight-headed hydra
 14014 | Lair:2   | Killed an eight-headed hydra
 14040 | Lair:2   | Reached skill level 11 in Earth Magic
 14137 | Lair:2   | Offered knowledge of Fulminant Prism by Vehumet.
 14452 | Lair:2   | Reached XP level 13. HP: 79/79 MP: 3/25
 14509 | Lair:2   | Found a hole to the Spider Nest.
 16057 | Lair:2   | Reached skill level 12 in Earth Magic
 16142 | Lair:3   | Reached skill level 5 in Shields
 17751 | Lair:3   | Reached skill level 10 in Fighting
 18337 | Lair:4   | Gained mutation: Your large and strong wings let you fly.
                  | [Gargoyle growth]
 18337 | Lair:4   | Reached XP level 14. HP: 65/88 MP: 19/26
 18382 | Lair:4   | Reached skill level 5 in Staves
 18398 | Lair:4   | Noticed Josephine
 18404 | Lair:4   | Reached skill level 13 in Earth Magic
 18410 | Lair:4   | Killed Josephine
 18559 | Lair:4   | Found a viscous altar of Jiyva.
 18560 | Lair:4   | Found a staircase to the Slime Pits.
 18918 | Lair:5   | Entered Level 5 of the Lair of Beasts
 19814 | Lair:5   | Offered knowledge of Starburst by Vehumet.
 21302 | Lair:5   | Reached skill level 14 in Earth Magic
 21371 | Lair:5   | Found a corrupted altar of Lugonu.
 21371 | Lair:5   | Found a one-way gate to the infinite horrors of the Abyss.
 21404 | Lair:5   | Got the Catalogue of Mustering
 21619 | Orc:1    | Entered Level 1 of the Orcish Mines
 22027 | Orc:1    | Found a dark tunnel.
 22037 | Volcano  | Entered a volcano
 22107 | Volcano  | Reached XP level 15. HP: 96/96 MP: 20/27
 22360 | Orc:1    | Noticed Erica
 22365 | Orc:1    | Killed Erica
 22791 | Orc:2    | Entered Level 2 of the Orcish Mines
 22799 | Orc:2    | Noticed Erolcha
 22843 | Orc:2    | Offered knowledge of Ozocubu's Refrigeration by Vehumet.
 22850 | Orc:2    | Killed Erolcha
 23013 | Orc:2    | Found Bilaoc's Weapon Boutique.
 23189 | Orc:2    | Found Joneozen's Antique Weapon Shoppe.
 23605 | Orc:2    | Found Foxadom's Weapon Emporium.
 23626 | Orc:2    | Found Qatad's General Store.
 23804 | Orc:2    | Found a staircase to the Elven Halls.
 24032 | Orc:2    | Found Pafuisy's Antique Armour Boutique.
 24044 | Orc:2    | Bought a pair of runed boots for 172 gold pieces
 24044 | Orc:2    | Bought a distressingly furry robe for 131 gold pieces
 24044 | Orc:2    | Identified the +4 robe "Xiageust" {+Inv rF+} (You bought it
                  | in a shop on level 2 of the Orcish Mines)
 24079 | Orc:2    | Found Relulip's Book Shoppe.
 24323 | D:10     | Killed gdog's ghost
 24333 | D:10     | Identified the ring "Lucvyl" {rF+ rC+++ Str+6 Int+2 Dex-2}
 24528 | D:11     | Found a glowing golden altar of the Shining One.
 24892 | D:11     | Found a portal to a secret trove of treasure.
 25024 | D:12     | Found a gate leading to a gauntlet.
 25030 | Gauntlet | Entered a Gauntlet
 25030 | Gauntlet | Found a transporter.
 25030 | Gauntlet | Found a transporter.
 25039 | Gauntlet | Found a transporter.
 25052 | Gauntlet | Found a transporter.
 25066 | Gauntlet | Found a transporter.
 25079 | Gauntlet | Found a transporter.
 25096 | Gauntlet | Found a transporter.
 25168 | Gauntlet | Found a transporter.
 25183 | Gauntlet | Found a transporter.
 25209 | Gauntlet | Found a transporter.
 25234 | Gauntlet | Found a transporter.
 25237 | Gauntlet | Found a transporter.
 25237 | Gauntlet | Found a transporter.
 25244 | Gauntlet | Found the amulet of the Four Winds {rN+ Will+++ Clar}
 25246 | Gauntlet | Found a transporter.
 25341 | Gauntlet | Found a transporter.
 25354 | Gauntlet | Found a transporter.
 25625 | Gauntlet | Identified the ring "Mieses" {rC+ rCorr Str+3}
 26066 | Gauntlet | Reached skill level 15 in Earth Magic
 26080 | Gauntlet | Identified the ring "Zuguze" {Drain rPois rC+ Dex+6}
 26800 | D:12     | Learned a level 2 spell: Blink
 26888 | D:12     | Offered knowledge of Lee's Rapid Deconstruction by Vehumet.
 26904 | D:12     | Learned a level 5 spell: Lee's Rapid Deconstruction
 27054 | D:12     | Noticed Psyche
 27058 | D:12     | Killed Psyche
 27153 | D:13     | Found Sidiasa's One-of-a-Kind Rings.
 27215 | D:13     | Identified the ring "Qiusamp" {Will+ rCorr Dex-2 SInv}
 27343 | D:13     | Reached XP level 16. HP: 104/104 MP: 19/29
 27956 | D:14     | Found a broken altar of Ashenzari.
 28393 | D:14     | Found a gate to the Vaults.
 28588 | D:14     | Reached skill level 10 in Spellcasting
 29549 | D:15     | Entered Level 15 of the Dungeon
 29688 | D:15     | Found a staircase to the Depths.
 29813 | D:15     | Reached skill level 1 in Translocations
 30150 | D:15     | Noticed Louise
 30151 | D:15     | Found a transporter.
 30165 | D:15     | Killed Louise
 30197 | D:15     | Found a transporter.
 30429 | D:15     | Identified Roxanne's Guide on Transmutation
 30429 | D:15     | Noticed Roxanne
 30481 | D:15     | Killed Roxanne
 30498 | D:15     | Found Saunih's Jewellery Shop.
 30868 | Spider:1 | Entered Level 1 of the Spider Nest
 30902 | Spider:1 | Reached skill level 16 in Earth Magic
 31022 | Spider:1 | Offered knowledge of Iron Shot by Vehumet.
 31030 | Spider:1 | Learned a level 6 spell: Iron Shot
 31347 | Spider:1 | Reached skill level 10 in Staves
 32305 | Spider:1 | Reached XP level 17. HP: 110/110 MP: 15/31
 33928 | Spider:2 | Noticed Arachne
 34055 | Spider:2 | Killed Arachne
 34656 | Spider:2 | Offered knowledge of Spellforged Servitor by Vehumet.
 36000 | Spider:3 | Found a transporter.
 36267 | Spider:3 | Found a transporter.
 36267 | Spider:3 | Found the +5 scythe "Finisher" {speed, eviscerate}
 36290 | Spider:3 | HP: 4/112 [disintegration[an orange crystal statue] (6)]
 36292 | Spider:3 | Slain by a death scarab

Illustrated notes

Levels and vault maps discovered:
D:1:      dpeg_arrival_rhombi, layout_loops_ring, serial_shops, shop,
          nicolae_shop_stone, shop, nicolae_shop_behind_doors,
          basic_ecumenical_altar
D:2:      layout_rooms, serial_shops, shop, basic_altar, corner_web_ring,
          uniq_jessica
D:3:      minmay_spotlight, layout_rooms, nrook_mini_vaults
D:4:      layout_basic, mainiacjoe_overflow_24_doors,
          minmay_temple_entry_glassed_door, minmay_goblin_outpost
D:5:      layout_basic
D:6:      layout_basic, cheibrodos_sewer_entry_drain
D:7:      layout_rooms, enter_bailey_4
D:8:      layout_loops_ring, lemuel_flame_loot_1
D:9:      layout_loops_cross, amethyst_overflow_temple_binary,
          chequers_temple_overflow_minitemple, hiddenorc2_lemuel,
          chequers_serial_rivers_marsh, uniq_joseph
D:10:     layout_rooms, minmay_lair_entry_grove, gammafunk_ghost_smash,
          kennysheep_generic_room_12, uniq_gastronok, uniq_snorg
D:11:     layout_roguey, nicolae_trove_entry_diagonal,
          nicolae_tso_swordbearing_angel
D:12:     layout_roguey, gauntlet_entry_generic, minivault_1, uniq_psyche
D:13:     layout_rooms, nicolae_shop_unique_rings, minmay_librarian
D:14:     layout_stronghold, erik_vaults_2, cheibrodos_ashenzari_chains
D:15:     grunt_enter_depths_hoard, layout_loops_ring, serial_bayou_lagoon_a,
          minmay_shop_enchanted_jewellery, nicolae_diode_stairs, uniq_roxanne,
          uniq_louise
Temple:   lightli_temple_of_artemis
Lair:1:   layout_misc_corridors
Lair:2:   layout_long_grid, swamp_mist_pool, nicolae_spider_entry_tight_spaces,
          chequers_serial_rivers_room_a
Lair:3:   layout_big_grid, bobbens_dragon_lair_wall
Lair:4:   layout_long_grid, slime_entry_1, uniq_josephine
Lair:5:   hellmonk_lair_end_abyssal_woods, layout_long_grid
Spider:1: layout_spider_delve, nicolae_spider_bug_shape
Spider:2: layout_spider_delve, nicolae_spider_twisty_arc_passages, uniq_arachne
Spider:3: gammafunk_sealed_arena, hangedman_spider_tarantella_strand
Orc:1:    layout_caves, enter_volcano_1, mines2_lemuel, uniq_erica
Orc:2:    grunt_orc_gardens, layout_caves, grunt_orc_garden, grunt_orc_garden,
          grunt_orc_garden, grunt_orc_garden, basic_altar, serial_shops, shop,
          shop, uniq_erolcha

Skill      XL: |  1  2  3  4  5  6  7  8  9 10 11 12 13 14 15 16 17 |
---------------+----------------------------------------------------+-----
Earth Magic    | 4 5 6 7 8 9 10 11 12 14 15 16 | 16.8
Conjurations   | 1 2 3 4 5 7 8 9 |  9.9
Spellcasting   | 3 4 5 6 7 8 9 10 11 | 11.1
Fire Magic     | 1 2 3 4 6 8 9 |  9.0
Fighting       | 1 2 4 5 7 8 10 11 13 14 | 14.5
Armour         | 1 2 4 5 7 |  7.9
Staves         | 1 2 3 4 7 8 10 | 10.9
Evocations     | 1 2 3 4 5 6 7 8 9 |  9.8
Shields        | 3 6 |  6.1
Dodging        | 3 4 |  4.3
Translocations | 2 |  2.9
Stealth        | |  2.1
Transmutations | |  0.7

Action                   |  1- 3 |  4- 6 |  7- 9 | 10-12 | 13-15 | 16-18 || total
-------------------------+-------+-------+-------+-------+-------+-------++-------
Melee: Short sword       |    15 |       |       |       |       |       ||    15
       Staff             |       |    24 |    15 |    40 |    72 |   154 ||   305
       Punch             |       |       |       |     1 |       |       ||     1
Throw: Javelin           |       |     7 |     2 |     1 |       |       ||    10
       Dart              |       |       |    19 |     4 |       |       ||    23
       Throwing net      |       |       |       |     1 |       |       ||     1
 Cast: Sandblast         |    40 |   103 |   171 |   190 |   405 |    83 ||   992
       Stone Arrow       |       |       |    27 |   204 |   349 |    72 ||   652
       Fireball          |       |       |       |       |    66 |    26 ||    92
       Lee's Rapid Decon |       |       |       |       |     5 |    88 ||    93
       Iron Shot         |       |       |       |       |       |   125 ||   125
       Blink             |       |       |       |       |       |     2 ||     2
Evoke: Wand              |       |       |     2 |    15 |     3 |       ||    20
  Use: Scroll            |       |    17 |     5 |     8 |    14 |     8 ||    52
       Potion            |       |       |       |       |     5 |     4 ||     9
 Stab: Paralysed         |       |       |       |     8 |       |       ||     8
Armor: Robe              |    10 |    41 |    63 |    24 |     6 |       ||   144
       Leather armour    |       |       |       |    28 |       |       ||    28
       Ring mail         |       |       |       |   106 |   379 |   329 ||   814
Dodge: Dodged            |    29 |    76 |    80 |   173 |   442 |   276 ||  1076
Block: Buckler           |       |       |       |       |   138 |   106 ||   244

Table legend: (Time is in decaauts)
 A = Elapsed time spent in this place.
 B = Non-inter-level travel time spent in this place.
 C = Inter-level travel time spent in this place.
 D = Time resting spent in this place.
 E = Time spent auto-exploring this place.
 F = Levels seen in this place.
 G = Mean time per level.
                   A        B        C        D        E       F      G
               +--------+--------+--------+--------+--------+-----+--------+
         Total |  37348 |  35766 |   1582 |  11186 |   7322 |  30 | 1244.9 |
       Dungeon |  16825 |  15850 |    975 |   3470 |   4429 |  15 | 1121.7 |
        Temple |     47 |     47 |      0 |      0 |      3 |   1 |   47.0 |
          Lair |   9704 |   9323 |    381 |   3023 |   1560 |   5 | 1940.8 |
   Spider Nest |   5428 |   5279 |    149 |   3193 |    571 |   3 | 1809.3 |
  Orcish Mines |   2075 |   1999 |     76 |    732 |    557 |   2 | 1037.5 |
         Sewer |    492 |    492 |      0 |      0 |     11 |   1 |  492.0 |
        Bailey |   1425 |   1425 |      0 |    410 |      0 |   1 | 1425.0 |
       Volcano |    281 |    281 |      0 |     28 |     63 |   1 |  281.0 |
      Gauntlet |   1066 |   1066 |      0 |    330 |    128 |   1 | 1066.0 |
               +--------+--------+--------+--------+--------+-----+--------+

Top non-repeatable levels by time:
Spider:1: 3622 daAuts
  Lair:2: 3001 daAuts
  Lair:5: 2554 daAuts
  Lair:3: 1790 daAuts
     D:4: 1742 daAuts
    D:14: 1740 daAuts
     D:9: 1585 daAuts
Spider:2: 1483 daAuts
  Bailey: 1425 daAuts
  Lair:4: 1418 daAuts
     D:5: 1349 daAuts
    D:10: 1319 daAuts
     D:6: 1235 daAuts
     D:8: 1201 daAuts
    D:15: 1160 daAuts
